 Dungeon Crawl Stone Soup version 0.30-a0-1124-g6e8f0f562f (webtiles) character file.

Game seed: 4789922289211250644

653 BlueFish the Sneak (level 7, 0/48 HPs)
             Began as an Octopode Fighter on Apr 24, 2023.
             Was an Initiate of Cheibriados.
             Slain by an orc wizard
             ... wielding a +0 dagger
              (4 damage)
             ... on level 5 of the Dungeon.
             The game lasted 00:10:15 (4075 turns).

BlueFish the Sneak (Octopode Fighter)               Turns: 4075, Time: 00:10:16

Health: 0/48       AC:  1    Str: 18    XL:     7   Next: 54%
Magic:  7/7        EV: 14    Int: 12    God:    Cheibriados [......]
Gold:   240        SH:  0    Dex: 12    Spells: 4/6 levels left

rFire   . . .        a - +0 whip
rCold   . . .        v - +0 buckler
rNeg    . . .        (helmet restricted)
rPois   .            (no amulet)
rElec   .            (no ring)
rCorr   .            (no ring)
SInv    .            (no ring)
Will    .....        (no ring)
Stlth   ++           (no ring)
HPRegen 0.28/turn    (no ring)
MPRegen 0.10/turn    (no ring)
                     (no ring)

%: no passive effects
@: confused, mighty, very slow
A: almost no armour, amphibious, 8 rings, camouflage 1, gelatinous body 1,
(nimble swimmer 1), tentacles
a: Renounce Religion


You were on level 5 of the Dungeon.
You worshipped Cheibriados.
Cheibriados was noncommittal.
You visited 1 branch of the dungeon, and saw 5 of its levels.

You collected 240 gold pieces.

Inventory:

Hand Weapons
 a - a +0 whip (weapon)
 b - a +0 sling
 k - a +0 flail
Missiles
 d - 61 stones (quivered)
 r - 3 atropa-tipped darts
 u - 7 poisoned darts
Armour
 v - a +0 buckler (worn)
Wands
 t - a wand of flame (4)
Scrolls
 e - a scroll of identify
 g - 2 scrolls of enchant armour {unknown}
 h - 2 scrolls of magic mapping {unknown}
 m - 2 scrolls of summoning {unknown}
 n - a scroll of teleportation {unknown}
 o - a scroll of vulnerability {unknown}
 q - a scroll of fog {unknown}
 s - a scroll of immolation {unknown}
 y - a scroll of blinking {unknown}
Potions
 f - 3 potions of degeneration
 i - a potion of invisibility {unknown}
 j - a potion of curing {unknown}
 l - a potion of heal wounds {unknown}
 p - a potion of flight {unknown}
 w - a potion of mutation {unknown}
 x - a potion of lignification {unknown}


   Skills:
 + Level 4.2 Fighting
 + Level 3.5 Maces & Flails
 + Level 0.8 Throwing
 + Level 4.2 Dodging
 * Level 5.9 Stealth
 + Level 4.3 Shields
 + Level 0.4 Spellcasting
 + Level 0.8 Transmutations
 + Level 0.8 Earth Magic
 + Level 0.7 Invocations
 + Level 0.8 Evocations


You had 4 spell levels left.
You knew the following spells:

 Your Spells              Type           Power      Damage    Failure   Level
a - Passwall              Tmut/Erth      1%         N/A       38%         2

Your spell library contained the following spells:

 Spells                   Type           Power      Damage    Failure   Level
 Freeze                   Ice            0%         1d3       36%         1
 Ensorcelled Hibernation  Hex/Ice        0%         N/A       52%         2
 Swiftness                Air            0%         N/A       75%         3


Dungeon Overview and Level Annotations

Branches:
Dungeon (5/15)
 Temple: D:4-7

Altars:
Cheibriados


Innate Abilities, Weirdness & Mutations

You cannot wear most types of armour.
You are amphibious.
You can wear up to eight rings at the same time.
Your skin changes colour to match your surroundings (Stealth+).
Your rubbery body absorbs attacks. (AC +1, EV +1)
((You are camouflaged when in or above water. (Stealth+)))
You have tentacles for arms and can constrict up to eight enemies at once.


Message History

The ogre is almost dead.
An orc wizard comes into view. It is wielding a +0 dagger.
You whack the ogre!
You kill the ogre!
Cheibriados appreciates the change of pace.
The orc wizard mumbles some strange words.
The orc wizard flickers and vanishes!
Deactivating autopickup; reactivate with Ctrl-A.
The orc priest begins to cast a cantrip, but forgets the words!
Things that are here:
a +0 giant club; an ogre corpse The orc priest hits you with a +0 mace!
You hit the orc priest. Your grab misses the orc priest.
The orc priest is lightly wounded.
You block the orc priest's attack.
You hit the orc priest. You grab the orc priest. You squeeze the orc priest.
The orc priest is severely wounded.
You constrict the orc priest.
The orc priest invokes the aid of Beogh against you.
Beogh smites you!
* * * LOW HITPOINT WARNING * * *
You hear some strange, mumbled words.
You are confused.
You whack the orc priest!
You kill the orc priest!
Cheibriados appreciates the change of pace.
Something hits you.
* * * LOW HITPOINT WARNING * * *
Something hits you.
* * * LOW HITPOINT WARNING * * *
Something barely misses you.
You hear some strange, mumbled words.
You are more confused.
You're too confused to move!
You hear some strange, mumbled words.
A magic dart appears from out of thin air!
The magic dart hits you!
* * * LOW HITPOINT WARNING * * *
Something hits you.
You die...

.##..# .....# ###....##
####.......+ .#
###.........#
..##...........# .....
#.............## ###. ....
##..!......@....##... ....
#.........{........# #..
#.................# #..
#......)........## ####..
#...............######.....
###........................
#..........##....#######.
#.......######..## #.
...........# ##..#######.


There were no monsters in sight!

Vanquished Creatures
  An ogre (D:5)
  A centaur (D:5)
  Blork the orc (D:4)
  2 scorpions (D:4)
  A hound (D:4)
  An orc priest (D:5)
  A sleepcap (D:4)
  Robin (D:3)
  6 adders
  4 gnolls
  A shadow imp (D:4)
  An ufetubus (D:5)
  2 worms
  2 dart slugs
  6 orcs
  3 bats
  3 endoplasms
  4 giant cockroaches
  17 goblins
  10 hobgoblins
  4 jackals (D:1)
  A quokka (D:3)
  2 ball pythons
  4 frilled lizards
  7 kobolds
  2 rats (D:3)
88 creatures vanquished.

Notes
Turn   | Place    | Note
-------+----------+-------------------------------------------
     0 | D:1      | BlueFish the Octopode Fighter began the quest for the Orb.
     0 | D:1      | Reached XP level 1. HP: 16/16 MP: 1/1
   418 | D:1      | Reached skill level 1 in Stealth
   421 | D:1      | Reached XP level 2. HP: 18/21 MP: 2/2
  1165 | D:2      | Reached skill level 2 in Stealth
  1184 | D:2      | Reached XP level 3. HP: 26/26 MP: 3/3
  1333 | D:2      | Found a faded altar of an unknown god.
  1337 | D:2      | Got Plato's Grimoire of the Postmodern Gods
  1619 | D:2      | Reached XP level 4. HP: 31/31 MP: 4/4
  1624 | D:2      | Reached skill level 3 in Stealth
  2081 | D:3      | Noticed Robin
  2316 | D:3      | Killed Robin
  2317 | D:3      | Reached XP level 5. HP: 27/36 MP: 5/5
  2759 | D:4      | Reached skill level 4 in Stealth
  2914 | D:4      | Reached XP level 6. HP: 19/43 MP: 6/6
  3140 | D:4      | Noticed Blork the orc
  3168 | D:4      | Found a snail-covered altar of Cheibriados.
  3306 | D:4      | Reached skill level 5 in Stealth
  3392 | D:4      | Killed Blork the orc
  3394 | D:4      | HP: 2/43 [frozen (3)]
  3574 | D:4      | Became a worshipper of Cheibriados the Contemplative
  3578 | D:4      | Learned a level 2 spell: Passwall
  3670 | D:4      | Reached XP level 7. HP: 40/48 MP: 7/7
  3838 | D:5      | Entered Level 5 of the Dungeon
  4075 | D:5      | Slain by an orc wizard

Illustrated notes

Levels and vault maps discovered:
D:1:      eino_arrival_cavern_d, layout_basic
D:2:      layout_rooms, shapermc_ecumenical_altar_rom_forum
D:3:      layout_loops_cross, uniq_robin
D:4:      layout_gridville, kennysheep_slug_shrine,
          chequers_serial_rivers_micro_b, kennysheep_opposing_triangles,
          uniq_blork_the_orc
D:5:      layout_layer_cave, gammafunk_temple_overflow_elements,
          chequers_temple_overflow_minitemple, sigmund_edmund_badplayer

Skill      XL: |  1  2  3  4  5  6 |
---------------+-------------------+-----
Stealth        | 1 2 3 4 5 |  5.9
Maces & Flails | 3 |  3.5
Shields        | 4 |  4.3
Fighting       | 4 |  4.2
Dodging        | 4 |  4.2
Throwing       | |  0.8
Spellcasting   | |  0.4
Transmutations | |  0.8
Earth Magic    | |  0.8
Invocations    | |  0.7
Evocations     | |  0.8

Action                     |  1- 3 |  4- 6 |  7- 9 || total
---------------------------+-------+-------+-------++-------
  Melee: Flail             |    41 |       |       ||    41
         Constrict         |    20 |    39 |     5 ||    64
         Tentacles         |     5 |    26 |     9 ||    40
         Punch             |     1 |     3 |       ||     4
         Whip              |    18 |   130 |    24 ||   172
   Fire: Sling             |       |     2 |    12 ||    14
  Throw: Stone             |       |     2 |       ||     2
  Evoke: Wand              |       |     2 |       ||     2
    Use: Scroll            |       |       |     1 ||     1
         Potion            |       |       |     1 ||     1
   Stab: Sleeping          |     7 |     6 |     1 ||    14
 Armour: Skin              |     2 |     8 |     2 ||    12
  Dodge: Dodged            |    40 |    43 |    13 ||    96
  Block: Buckler           |    10 |    17 |     6 ||    33

Table legend: (Time is in decaauts)
 A = Elapsed time spent in this place.
 B = Non-inter-level travel time spent in this place.
 C = Inter-level travel time spent in this place.
 D = Time resting spent in this place.
 E = Time spent auto-exploring this place.
 F = Levels seen in this place.
 G = Mean time per level.
                   A        B        C        D        E       F      G
               +--------+--------+--------+--------+--------+-----+--------+
         Total |   4158 |   4035 |    123 |    100 |   3052 |   5 |  831.6 |
       Dungeon |   4158 |   4035 |    123 |    100 |   3052 |   5 |  831.6 |
               +--------+--------+--------+--------+--------+-----+--------+

Top non-repeatable levels by time:
     D:4: 1209 daAuts
     D:1: 1126 daAuts
     D:3: 851 daAuts
     D:2: 700 daAuts
     D:5: 270 daAuts
